AoeStats
← K

Fortress

509360773Analyzed
4v4 RM · 7d ago on Sep 26, 2026· 23m 39s· 8 players
Game mode
Random Map
Map size
Huge
Population
200
Speed
Normal
Resources
Standard
Victory
Conquest
Starting age
Dark Age
Ending age
Imperial Age
RankedLock teamsTeams togetherTeam positionsShared explorationLock speedFull tech treeHidden civsTurbo modeCheats
Victory
Defeat
🇷🇺 Chinese · Russia
1201
+16
🇵🇪 Bohemians · Peru
1184
+16
🇬🇧 Celts · United Kingdom
1153
+18
🇬🇷 Huns · Greece
1096
+19
🇮🇳 Magyars · India
1213
-18
🇹🇼 Vietnamese · Taiwan
1197
-18
🇬🇧 Teutons · United Kingdom
1189
-17
🇹🇼 Lithuanians · Taiwan
1153
-16
Not.ACCM
7:49 Feudal Age
9:11 Double-Bit Axe
11:47 Castle Age
9:29 Horse Collar
12:58 Bow Saw
17:10 Wheelbarrow
19:20 Hand Cart
20:17 Town Watch
21:35 Gold Mining
21:35 Stone Mining
24:37 Imperial Age
21:54 Loom
23:19 Forging
23:15 Scale Barding Armor
23:22 Bloodlines
23:12 Husbandry
coldmoon
0:30 Loom
8:35 Feudal Age
13:25 Castle Age
12:08 Double-Bit Axe
12:07 Horse Collar
14:19 Bow Saw
14:11 Heavy Plow
15:57 Wheelbarrow
15:11 Town Watch
16:56 Hand Cart
17:13 Stone Mining
17:15 Gold Mining
00000
7:58 Feudal Age
11:31 Castle Age
9:38 Double-Bit Axe
9:46 Horse Collar
12:22 Heavy Plow
12:35 Bow Saw
20:56 Scale Barding Armor
20:46 Light Cavalry
21:43 Bloodlines
22:05 Husbandry
22:51 Chain Barding Armor
K
7:04 Feudal Age
9:21 Double-Bit Axe
11:52 Castle Age
21:16 Town Watch
jorvikshungite
0:42 Loom
8:45 Feudal Age
9:15 Double-Bit Axe
9:55 Horse Collar
14:34 Castle Age
12:52 Gold Mining
13:06 Scale Mail Armor
14:49 Forging
15:41 Bow Saw
15:40 Gambesons
16:53 Arson
18:41 Chain Mail Armor
21:45 Iron Casting
24:33 Wheelbarrow
24:00 Fletching
Self_vs_Self
8:14 Feudal Age
13:25 Castle Age
11:32 Double-Bit Axe
11:37 Horse Collar
12:23 Padded Archer Armor
12:43 Fletching
13:15 Gold Mining
17:30 Bodkin Arrow
21:07 Wheelbarrow
21:40 Bow Saw
21:32 Heavy Plow
21:20 Loom
21:53 Leather Archer Armor
26:43 Imperial Age
23:59 Town Watch
boo
7:54 Feudal Age
11:51 Castle Age
9:39 Double-Bit Axe
9:51 Horse Collar
20:09 Wheelbarrow
21:22 Gold Mining
25:47 Imperial Age
24:11 Hand Cart
EL CHANCHO 3026
7:42 Feudal Age
12:16 Castle Age
10:02 Loom
11:50 Double-Bit Axe
11:48 Horse Collar
14:09 Fervor
15:53 Sanctity
20:27 Redemption
Connection lost

Rejoining the realm…

Still unreachable

The connection could not be restored.

Session expired

The server has moved on; the page needs a fresh start.